 Dungeon Crawl Stone Soup version 0.23.2-33-g5129a83184 (webtiles) character file.

Game seed: 10711472075280737516

256 Acheron the Chopper (level 6, -6/37 HPs)
             Began as a Gargoyle Gladiator on July 18, 2019.
             Mangled by a wyvern zombie (10 damage)
             ... on level 6 of the Dungeon.
             The game lasted 00:11:53 (3053 turns).

Acheron the Chopper (Gargoyle Gladiator)            Turns: 3053, Time: 00:11:53

Health: -6/37      AC: 12    Str: 18    XL:     6   Next: 15%
Magic:  8/8        EV: 10    Int: 13    God:
Gold:   289        SH:  0    Dex: 11    Spells: 7/7 levels left

rFire    . . .     SeeInvis .   a - +0 war axe
rCold    . . .     Gourm    .   (no shield)
rNeg     + . .     Faith    .   l - +0 scale mail
rPois    ∞         Spirit   .   j - +1 hat {Int+3}
rElec    +         Reflect  .   (no cloak)
rCorr    .         Harm     .   (no gloves)
MR       .....                  (no boots)
Stlth    ..........             (no amulet)
HPRegen  0.12/turn              (no ring)
MPRegen  0.11/turn              (no ring)

@: no status effects
A: negative energy resistance 1, electricity resistance, unbreathing,
petrification resistance, rot immunity, AC +4
a: no special abilities


You were on level 6 of the Dungeon.
You were not hungry.

You visited 1 branch of the dungeon, and saw 6 of its levels.

You collected 289 gold pieces.

Inventory:

Hand Weapons
 a - a +0 war axe (weapon)
 h - a +3 dagger
 u - a +1 dagger of venom
Missiles
 d - 3 throwing nets (quivered)
 g - 41 sling bullets
 o - 164 stones
Armour
 b - a +0 leather armour
 j - a +1 hat of intelligence (worn)
 l - a +0 scale mail (worn)
Jewellery
 s - an uncursed ring of ice {unknown}
 x - a cursed -3 ring of strength {unknown}
Wands
 c - a wand of flame (17)
 v - a wand of random effects (16)
Scrolls
 e - a scroll of fog {unknown}
 i - 5 scrolls of remove curse {unknown}
 k - 2 scrolls of teleportation
 m - 5 scrolls of identify
 p - a scroll of noise {unknown}
 r - a scroll of blinking {unknown}
 t - a scroll of enchant armour
Potions
 n - 2 potions of curing {unknown}
 q - a potion of ambrosia {unknown}
Comestibles
 f - 6 rations
 w - 9 chunks of flesh


   Skills:
 * Level 3.0 Fighting
 * Level 3.7 Axes
 * Level 2.3 Throwing
 * Level 2.2 Armour
 * Level 3.1 Dodging
 * Level 2.0 Stealth
 * Level 1.4 Spellcasting
 * Level 0.6 Evocations


You had 7 spell levels left.
You didn't know any spells.
Your spell library was empty.

Dungeon Overview and Level Annotations

Branches:
Dungeon (6/15)
 Temple: D:4-7

Altars:
Dithmenos
Elyvilon
Gozag
Ru
Wu Jian
Yredelemnul

Annotations:
D:3 Purgy


Innate Abilities, Weirdness & Mutations

You are resistant to torment.
Your stone body is resilient. (AC +4)
You are immune to poison.
You resist negative energy. (rN+)
You are resistant to electric shocks. (rElec)
You can survive without breathing.
You are immune to petrification.
You are immune to rotting.


Message History

The jelly hits you but does no damage.
You hit the jelly.
Your hands burn!
* * * LOW HITPOINT WARNING * * *
The jelly is moderately wounded.
The jelly completely misses you.
Things that are here:
a jackal skeleton x2
Okay, then.
The jelly hits you but does no damage.
Found a stone staircase leading up.
Found a dagger.
You hear the slow rusting of a distant drain.
Found 15 gold pieces.
You are no longer corroded.
Found a ration.
Found 17 stones.
You see here a ration.
A wyvern zombie comes into view.
The wyvern zombie bites you!
You die...

#.......#.#.#
#........... .
##...%...#.#...
#..............
#........#...#
#..............
#..J.....#...##
#.#.Z........#
#.#@###.#.####
# #.....#.#
#.....#.#
......#.#
#.###.# #.# .#
#.# # #.#


You could see a jelly and a wyvern zombie.

Vanquished Creatures
  An orc priest (D:4)
  An orc wizard (D:4)
  An iguana (D:5)
  A worker ant (D:5)
  7 adders
  An adder skeleton (D:4)
  3 worms
  A dart slug (D:1)
  3 leopard geckos
  3 orcs
  9 bats
  3 giant cockroaches (D:1)
  4 hobgoblins
  9 jackals
  8 kobolds
  A quokka (D:3)
  A ball python (D:2)
  2 frilled lizards
  7 goblins
  7 rats
73 creatures vanquished.

Notes
Turn   | Place    | Note
-------+----------+-------------------------------------------
     0 | D:1      | Acheron the Gargoyle Gladiator began the quest for the Orb.
     0 | D:1      | Reached XP level 1. HP: 12/12 MP: 1/1
    82 | D:1      | Reached XP level 2. HP: 11/17 MP: 2/2
   446 | D:2      | Reached XP level 3. HP: 17/22 MP: 3/3
   576 | D:1      | Reached skill level 1 in Stealth
   665 | D:1      | Reached skill level 1 in Armour
  1121 | D:2      | Reached XP level 4. HP: 14/27 MP: 3/5
  1299 | D:3      | Found an ornate altar of the Wu Jian Council.
  1409 | D:2      | Reached skill level 1 in Spellcasting
  1799 | D:3      | Noticed Purgy
  1920 | D:3      | Reached XP level 5. HP: 28/32 MP: 6/6
  2129 | D:3      | Found a white marble altar of Elyvilon.
  2194 | D:3      | Found a basalt altar of Yredelemnul.
  2323 | D:3      | Found a shadowy altar of Dithmenos.
  2572 | D:4      | Noticed an ogre
  2608 | D:5      | Entered Level 5 of the Dungeon
  2742 | D:5      | Reached XP level 6. HP: 28/37 MP: 6/8
  2945 | D:5      | Found an opulent altar of Gozag.
  2945 | D:5      | Found a sacrificial altar of Ru.
  3027 | D:6      | HP: 1/37 [acid (1)]
  3053 | D:6      | Mangled by a wyvern zombie

Skill      XL: |  1  2  3  4  5 |
---------------+----------------+-----
Stealth        | 1 2 |  2.0
Armour         | 1 2 |  2.2
Axes           | 3 |  3.7
Throwing       | 2 |  2.3
Spellcasting   | 1 |  1.4
Dodging        | 3 |  3.1
Fighting       | 3 |  3.0
Evocations     | |  0.6

Action                   |  1- 3 |  4- 6 || total
-------------------------+-------+-------++-------
Melee: War axe           |    94 |   156 ||   250
  Use: Scroll            |       |     5 ||     5
  Eat: Chunk             |     1 |     3 ||     4
       Ration            |       |     1 ||     1
Armor: Leather armour    |    61 |    48 ||   109
       Scale mail        |       |    61 ||    61
Dodge: Dodged            |   114 |   162 ||   276
